 Dungeon Crawl Stone Soup version 0.31-a0-229-g1fc7ce9 (webtiles) character file.

Game seed: 5828072400130498680

6377 Dawnplanks the Zephyrmancer (level 10, -1/53 HPs)
             Began as a Tengu Air Elementalist on July 6, 2023.
             Was an Initiate of Ru.
             Slain by a hornet (12 damage)
             ... on level 8 of the Dungeon.
             The game lasted 00:23:06 (9303 turns).

Dawnplanks the Zephyrmancer (TeAE)                  Turns: 9303, Time: 00:23:07

Health: -1/53      AC:  5    Str:  9    XL:     10   Next: 97%
Magic:  18/24      EV: 16    Int: 19    God:    Ru [......]
Gold:   351        SH:  0    Dex: 15    Spells: 20/28 levels left

rFire   . . .        e - staff of air
rCold   . . .        C - orb {*channel}
rNeg    . . .        g - +0 steam dragon scales
rPois   .            (helmet restricted)
rElec   +            (no cloak)
rCorr   .            (no gloves)
SInv    +            (boots unavailable)
Will    .....        D - amulet of magic regeneration Stlth
                     p - ring of see invisible
HPRegen 0.28/turn    (no ring)
MPRegen 0.59/turn

%: channel magic (20%)
@: flying quickly and evasively, quick
A: beak, talons 3, no stealth, nimble flight
a: Renounce Religion


You were on level 8 of the Dungeon.
You worshipped Ru.
Ru was noncommittal.
You visited 2 branches of the dungeon, and saw 10 of its levels.

You collected 549 gold pieces.
You spent 198 gold pieces at shops.

Inventory:

Hand Weapons
 J - a +5 long sword
Missiles
 r - 3 throwing nets
Armour
 d - a +3 leather armour of fire resistance
 g - +0 steam dragon scales (worn)
 C - an orb of energy (worn)
Magical Staves
 e - a staff of air (weapon)
Jewellery
 p - a ring of see invisible (left hand)
 D - an amulet of magic regeneration (around neck)
 I - a ring of ice
Wands
 k - a wand of roots (12)
 y - a wand of flame (40)
 E - a wand of light (7)
 H - a wand of polymorph (9)
Scrolls
 c - 3 scrolls of noise
 f - 3 scrolls of poison {unknown}
 h - a scroll of enchant weapon {unknown}
 i - a scroll of fear {unknown}
 l - 3 scrolls of brand weapon {unknown}
 m - 2 scrolls of vulnerability {unknown}
 n - a scroll of torment {unknown}
 s - 4 scrolls of blinking
 t - a scroll of butterflies {unknown}
 w - a scroll of enchant armour {unknown}
 F - a scroll of immolation {unknown}
 G - a scroll of teleportation
Potions
 a - a potion of haste {unknown}
 b - a potion of magic
 j - 2 potions of lignification {unknown}
 o - 3 potions of ambrosia
 v - a potion of invisibility {unknown}
 x - 2 potions of degeneration {unknown}
 z - 3 potions of attraction {unknown}
 A - a potion of resistance
 B - 2 potions of heal wounds {unknown}


   Skills:
 + Level 2.2 Fighting
 + Level 0.8 Staves
 + Level 4.4 Dodging
 + Level 9.9 Spellcasting
 + Level 8.0 Conjurations
 + Level 12.6 Air Magic
 + Level 1.8 Evocations


You had 20 spell levels left.
You knew the following spells:

 Your Spells              Type           Power      Damage    Failure   Level
a - Shock                 Conj/Air       100%       1d9       1%          1
b - Swiftness             Air            72%        N/A       1%          3
c - Airstrike             Air            36%        2d(6-22)  3%          4

Your spell library contained the following spells:

 Spells                   Type           Power      Damage    Failure   Level
 Static Discharge         Conj/Air       100%       2-7/arc   1%          2
 Poisonous Vapours        Pois/Air       100%       N/A       4%          2
 Momentum Strike          Conj/Tloc      48%        3d9       9%          2
 Necrotise                Necr           36%        1d5       21%         1
 Sting                    Tmut/Pois      36%        1d4       21%         1
 Summon Small Mammal      Summ           36%        N/A       21%         1
 Blink                    Tloc           18%        N/A       28%         2
 Ensorcelled Hibernation  Hex/Ice        18%        N/A       28%         2
 Lesser Beckoning         Tloc           18%        N/A       28%         2
 Passwall                 Tmut/Erth      7%         N/A       28%         2
 Sublimation of Blood     Necr           9%         N/A       28%         2
 Wereblood                Tmut           9%         N/A       28%         2
 Call Canine Familiar     Summ           9%         N/A       43%         3
 Summon Guardian Golem    Hex/Summ       9%         N/A       43%         3
 Olgreb's Toxic Radiance  Pois           9%         N/A       78%         4
 Summon Hydra             Summ           4%         N/A       100%        7


Dungeon Overview and Level Annotations

Branches:
Dungeon (9/15)             Temple (1/1) D:5
   Lair: D:8-11         Orc: D:9-12

Altars:
Ashenzari
Cheibriados
Dithmenos
Elyvilon
Fedhas
Gozag
Hepliaklqana
Kikubaaqudgha
Makhleb
Nemelex Xobeh
Okawaru
Ru
Sif Muna
Trog
Uskayaw
Vehumet
Wu Jian
Xom
Yredelemnul
Zin
The Shining One

Shops:
D:4 *(   D:6 **


Innate Abilities, Weirdness & Mutations

You have a beak for a mouth.
You have claws for feet.
You cannot be stealthy.
Your magical nature lets you fly swiftly and evasively.


Message History

You feel yourself slow down.
A killer bee comes into view.
The hornet closely misses you.
You feel a surge of power!
The zap misses the hornet.
The zap hits the wight.
The wight is heavily damaged.
The zap hits the gnoll!
You kill the gnoll!
The zap hits the killer bee.
The killer bee is lightly wounded.
The killer bee buzzes angrily.
Magical energy flows into your mind!
You feel very sick.
You hear an angry buzzing noise.
A killer bee comes into view.
The hornet barely misses you. The hornet stings you!
You are more poisoned.
You feel as though you will be slow longer.
* * * LOW HITPOINT WARNING * * *
You feel very sick. The hornet completely misses you.
* * * LOW HITPOINT WARNING * * *
You feel very sick. The hornet completely misses you.
A killer bee comes into view.
* * * LOW HITPOINT WARNING * * *
You feel sick. The hornet closely misses you.
A killer bee comes into view.
There is a stone staircase leading up here.
You feel yourself speed up.
* * * LOW HITPOINT WARNING * * *
You feel sick.
The killer bee buzzes angrily.
The hornet completely misses you. The hornet misses you.
The wight closely misses you.
You fly upwards.
* * * LOW HITPOINT WARNING * * *
You feel sick.
There is a stone staircase leading down here.
You feel better. The hornet closely misses you. The hornet stings you!
You die...

..<.##..# #.<######....#####..
....##.## #....####.##........
.[[....# #.........########..
...#.### ####....####..### #.#
.....# ##.......# #....### #.#
...).#####........# ##.....# #.#
..>.)........###### ##....#.# #.#
....))###......y## #...#...###.#
..###...#.#####.@####..###..(...#
..# ###...# ##........####....#
).# #..## #####..#.# ##...'
..######.### ####...#.## #.÷..
..##.......## #.....##..####.†..
.....#####..####.###.###....#..÷.
.#..## ##......###.# ####......
.##.## ##..#####..###........>
###..## ####..# #.###..#####...


You could see a hornet.

Vanquished Creatures
  Joseph (D:7)
  Maggie (D:6)
  A hornet (D:8)
  Prince Ribbit (D:5)
  Grinder (D:5)
  8 yaks
  Eustachio (D:4)
  Edmund (D:5)
  Duvessa (D:7)
  3 water moccasins
  2 orc warriors
  A black bear (D:8)
  A sky beast (D:7)
  An ogre (D:6)
  4 centaurs
  3 phantoms
  2 bullfrogs
  A kobold brigand (D:7)
  Blork the orc (D:5)
  A gnoll sergeant (D:9)
  2 scorpions (D:6)
  11 wights
  Dowan (D:7)
  5 killer bees (D:8)
  2 electric eels (D:6)
  6 hounds
  A jelly (D:3)
  5 orc priests
  Ijyb (D:3)
  Jessica (D:2)
  10 orc wizards
  3 iguanas
  7 gnolls
  11 adders
  A white imp (D:5)
  An ufetubus (D:6)
  2 worms
  4 dart slugs
  22 orcs
  5 bats
  6 endoplasms
  4 giant cockroaches
  11 goblins
  5 hobgoblins
  5 jackals (D:1)
  7 quokkas
  3 training dummies (D:4)
  3 ball pythons
  A frilled lizard (D:1)
  9 kobolds
  6 rats
197 creatures vanquished.

Vanquished Creatures (others)
  An orc wizard (D:6)
1 creature vanquished.

Grand Total: 198 creatures vanquished

Notes
Turn   | Place    | Note
-------+----------+-------------------------------------------
     0 | D:1      | Dawnplanks the Tengu Air Elementalist began the quest for
                  | the Orb.
     0 | D:1      | Reached XP level 1. HP: 10/10 MP: 4/4
   355 | D:1      | Reached XP level 2. HP: 15/15 MP: 3/6
   902 | D:1      | Found a faded altar of an unknown god.
   938 | D:1      | Reached XP level 3. HP: 19/19 MP: 1/7
  1400 | D:2      | Learned a level 3 spell: Swiftness
  1433 | D:2      | Noticed Jessica
  1451 | D:2      | Killed Jessica
  1452 | D:2      | Reached XP level 4. HP: 14/24 MP: 1/8
  1466 | D:2      | Reached skill level 5 in Air Magic
  1919 | D:2      | Gained mutation: Your magical nature lets you fly swiftly
                  | and evasively. [Tengu growth]
  1919 | D:2      | Reached XP level 5. HP: 22/28 MP: 0/10
  2347 | D:3      | Noticed Ijyb
  2359 | D:3      | Killed Ijyb
  3248 | D:4      | Reached XP level 6. HP: 31/33 MP: 4/11
  3361 | D:4      | Reached skill level 6 in Air Magic
  3655 | D:4      | Found a broken altar of Ashenzari.
  3674 | D:4      | Found Utsodghept's Firing Range.
  3802 | D:4      | Found a shimmering altar of Xom.
  3897 | D:4      | Found Tuwosat's General Store.
  3917 | D:4      | Bought a scroll of identify for 22 gold pieces
  3988 | D:4      | Noticed Eustachio
  3998 | D:4      | Found a sparkling altar of Nemelex Xobeh.
  4009 | D:4      | Killed Eustachio
  4010 | D:4      | Reached XP level 7. HP: 19/37 MP: 0/14
  4220 | D:4      | Learned a level 4 spell: Airstrike
  4411 | D:5      | Entered Level 5 of the Dungeon
  4529 | D:5      | Noticed Edmund
  4544 | D:5      | Killed Edmund
  4637 | D:5      | Reached skill level 1 in Fighting
  4694 | D:5      | Found a staircase to the Ecumenical Temple.
  4701 | Temple   | Entered the Ecumenical Temple
  4755 | Temple   | Became a worshipper of Ru the Awakened
  4859 | D:5      | Reached skill level 5 in Conjurations
  4859 | D:5      | Reached skill level 7 in Air Magic
  5069 | D:5      | Reached XP level 8. HP: 29/43 MP: 9/16
  5130 | D:5      | Noticed Prince Ribbit
  5139 | D:5      | Reached skill level 5 in Spellcasting
  5279 | D:5      | Killed Prince Ribbit
  5280 | D:5      | Reached skill level 1 in Evocations
  5390 | D:5      | Noticed Blork the orc
  5397 | D:5      | Killed Blork the orc
  5443 | D:5      | Identified a scroll of acquirement
  5444 | D:5      | Acquired a staff of air
  5453 | D:5      | Reached skill level 8 in Air Magic
  5484 | D:5      | Noticed Grinder
  5498 | D:5      | Killed Grinder
  6030 | D:6      | Reached XP level 9. HP: 47/47 MP: 12/18
  6204 | D:6      | Noticed Maggie
  6222 | D:6      | Killed Maggie
  6223 | D:6      | Reached skill level 9 in Air Magic
  6648 | D:6      | Reached skill level 10 in Air Magic
  6648 | D:6      | Gained mutation: You cannot be stealthy. [Ru sacrifice]
  6879 | D:6      | Found an ancient bone altar of Kikubaaqudgha.
  6887 | D:6      | Got Kikubaaqudgha's Quarto of Malignant Words
  6892 | D:6      | Found a shimmering blue altar of Sif Muna.
  6900 | D:6      | Found a radiant altar of Vehumet.
  6909 | D:6      | Found an iron altar of Okawaru.
  7279 | D:6      | Found Qiampo's Specific Store.
  7281 | D:6      | Found Daocweit's General Store.
  7340 | D:6      | Bought an orb of energy for 176 gold pieces
  7473 | D:6      | Acquired an amulet of magic regeneration
  7753 | D:7      | Noticed Dowan
  7755 | D:7      | Killed Dowan
  7755 | D:7      | Noticed Duvessa
  7760 | D:7      | Killed Duvessa
  7823 | D:7      | Noticed Joseph
  7829 | D:7      | Killed Joseph
  7830 | D:7      | Reached skill level 11 in Air Magic
  7830 | D:7      | Reached XP level 10. HP: 52/52 MP: 0/22
  7998 | D:7      | Found a basalt altar of Yredelemnul.
  8163 | D:7      | Found a bloodstained altar of Trog.
  8729 | D:8      | Reached skill level 12 in Air Magic
  8868 | D:8      | Found an ornate altar of the Wu Jian Council.
  8969 | D:8      | Found a hazy altar of Hepliaklqana.
  9303 | D:8      | Slain by a hornet

Illustrated notes

Levels and vault maps discovered:
D:1:      tarquinn_simple_flora_water_c, layout_loops_ring,
          ebering_ecumenical_altar_rust
D:2:      layout_rooms, uniq_jessica
D:3:      layout_loops_cross, uniq_ijyb
D:4:      layout_cave_pools, mainiacjoe_overflow_alcove_1,
          mainiacjoe_overflow_catch_the_wave, serial_shops,
          nicolae_shop_rolling_square, nicolae_shop_firing_range, uniq_eustachio
D:5:      layout_basic, minmay_temple_entry_ruins, grunt_ministairs_15,
          uniq_blork_the_orc, uniq_edmund, uniq_grinder, uniq_prince_ribbit1
D:6:      layout_loops_cross, palyth_temple_overflow_mages,
          okawaru_metal_pillars_1_2, kennysheep_small_spiral,
          nicolae_specific_store, minmay_crystal_water, uniq_maggie
D:7:      layout_rooms, yredelemnul_altar_generic, mainiacjoe_overflow_chevrons,
          uniq_joseph, uniq_duvessa
D:8:      layout_rooms, jmf_multi_god_temple
D:9:      layout_basic, mainiacjoe_overflow_alcove_4, david_orc_5,
          grunt_ministairs_9
Temple:   eino_wide_crystal_templ

Skill      XL: |  1  2  3  4  5  6  7  8  9 10 |
---------------+-------------------------------+-----
Air Magic      | 5 6 7 8 11 12 | 12.6
Conjurations   | 2 3 4 5 6 7 8 |  8.0
Dodging        | 3 4 |  4.4
Spellcasting   | 3 4 5 7 9 |  9.9
Fighting       | 1 2 |  2.2
Stealth        | 3 0 |  0.0
Evocations     | 1 |  1.8
Staves         | |  0.8

Action                     |  1- 3 |  4- 6 |  7- 9 | 10-12 || total
---------------------------+-------+-------+-------+-------++-------
  Melee: Unarmed           |     5 |     7 |       |       ||    12
         Kick              |       |     1 |     9 |     2 ||    12
         Staff             |       |       |    39 |     5 ||    44
         Peck              |       |       |     4 |     1 ||     5
   Cast: Shock             |    74 |   156 |   165 |    83 ||   478
         Airstrike         |       |       |    39 |    59 ||    98
 Invoke: Sacrifice Stealth |       |       |     1 |       ||     1
  Evoke: Wand              |       |     4 |     9 |       ||    13
    Use: Potion            |       |     1 |       |     1 ||     2
         Scroll            |       |     3 |     4 |     1 ||     8
 Armour: Robe              |    10 |    13 |     3 |       ||    26
         Steam dragon scal |       |       |    10 |     5 ||    15
  Dodge: Dodged            |    31 |    62 |    49 |    50 ||   192

Table legend: (Time is in decaauts)
 A = Elapsed time spent in this place.
 B = Non-inter-level travel time spent in this place.
 C = Inter-level travel time spent in this place.
 D = Time resting spent in this place.
 E = Time spent auto-exploring this place.
 F = Levels seen in this place.
 G = Mean time per level.
                   A        B        C        D        E       F      G
               +--------+--------+--------+--------+--------+-----+--------+
         Total |   8959 |   8644 |    315 |    337 |   7091 |  10 |  895.9 |
       Dungeon |   8896 |   8601 |    295 |    337 |   7057 |   9 |  988.4 |
        Temple |     63 |     44 |     19 |      0 |     34 |   1 |   63.0 |
               +--------+--------+--------+--------+--------+-----+--------+

Top non-repeatable levels by time:
     D:6: 1669 daAuts
     D:5: 1398 daAuts
     D:3: 1213 daAuts
     D:1: 1042 daAuts
     D:2: 1027 daAuts
     D:4: 1000 daAuts
     D:7: 801 daAuts
     D:8: 698 daAuts
  Temple: 63 daAuts
     D:9: 43 daAuts
